 Dungeon Crawl Stone Soup version 0.19.1 (webtiles) character file.

99 Faustar the Ruffian (level 4, -2/44 HPs)
             Began as a Troll Monk on Dec 21, 2016.
             Slain by a centaur (8 damage)
             ... on level 3 of the Dungeon.
             The game lasted 00:02:24 (1657 turns).

Faustar the Ruffian (Troll Monk)                    Turns: 1657, Time: 00:02:25

Health: -2/44      AC:  6    Str: 19    XL:     4   Next: 45%
Magic:  3/3        EV: 10    Int:  7    God:
Gold:   88         SH:  0    Dex: 12    Spells: 0 memorised, 3 levels left

rFire  . . .     SeeInvis .       - Unarmed
rCold  . . .     Gourm    +     a - +0 robe
rNeg   . . .     Faith    .     (no shield)
rPois  .         Spirit   .     (helmet restricted)
rElec  .         Reflect  .     k - +0 cloak
rCorr  .         Harm     .     (gloves unavailable)
MR     .....                    (boots unavailable)
Stlth  ++........               (no amulet)
                                (no ring)
                                (no ring)

@: lethally poisoned (-2 -> -3)
A: unfitting armour, claws 3, fast metabolism 3, gourmand, regeneration 1,
shaggy fur 1, tough skin 2
a: no special abilities


You were on level 3 of the Dungeon.
You were not hungry.

You visited 1 branch of the dungeon, and saw 3 of its levels.

You collected 88 gold pieces.

Inventory:

Armour
 a - a +0 robe (worn)
 k - a +0 cloak (worn)
Scrolls
 g - a scroll of teleportation {unknown}
 h - a scroll of magic mapping {unknown}
Potions
 c - a potion of haste {unknown}
 d - a potion of ambrosia {unknown}
 e - a potion of might {unknown}
 f - a potion of heal wounds {unknown}
 i - a potion of flight {unknown}
Comestibles
 b - a bread ration


   Skills:
 - Level 2.4 Fighting
 - Level 2.4 Dodging
 - Level 1.0 Stealth
 + Level 5.3 Unarmed Combat


You had 3 spell levels left.
You didn't know any spells.

Dungeon Overview and Level Annotations

Branches:
Dungeon (3/15)

Altars:
Dithmenos
Fedhas


Innate Abilities, Weirdness & Mutations

You are too large for most types of armour.
You have claws for hands.
Your metabolism is lightning-fast.
You like to eat raw meat.
Your natural rate of healing is unusually fast.
You are covered in fur. (AC +1)
You have very tough skin. (AC +2)


Message History

You are too injured to fight recklessly!
You are too injured to fight recklessly!
You are too injured to fight recklessly!
You are too injured to fight recklessly!
You are too injured to fight recklessly!
You are too injured to fight recklessly!
You are too injured to fight recklessly!
You are too injured to fight recklessly!
You are too injured to fight recklessly!
You are too injured to fight recklessly!
You are too injured to fight recklessly!
You are too injured to fight recklessly!
You are too injured to fight recklessly!
You are too injured to fight recklessly!
You are too injured to fight recklessly!
You are too injured to fight recklessly!
You are too injured to fight recklessly!
The centaur unwields an uncursed shortbow.
The centaur hits you!
You die...

##.## #.# ##...###
#.#...
#.#....###.#..#
##.........#..#
##.......##..#
########.#####.##..#
###. .........#
#.##..#.....
########.#
#.##o....... #.#
#..@Soo..... #.#
#.#.c....... #..
>............ #.#
#####$.....##. #..
#......# ## ###.##.#
.# .# .# #


You could see a centaur, an adder and 3 orcs.

Vanquished Creatures
  Crazy Yiuf (D:2)
  A worker ant (D:3)
  An adder (D:2)
  A dart slug (D:1)
  A leopard gecko (D:2)
  3 bats
  9 hobgoblins
  A frilled lizard (D:1)
  7 goblins
  6 kobolds
  6 rats (D:1)
37 creatures vanquished.

Notes
Turn   | Place    | Note
-------+----------+-------------------------------------------
     0 | D:1      | Faustar the Troll Monk began the quest for the Orb.
     0 | D:1      | Reached XP level 1. HP: 22/22 MP: 0/0
    72 | D:1      | Reached XP level 2. HP: 29/29 MP: 1/1
   245 | D:1      | Reached skill level 4 in Unarmed Combat
   691 | D:2      | Reached XP level 3. HP: 36/36 MP: 2/2
   949 | D:2      | Found a blossoming altar of Fedhas.
  1119 | D:2      | Found a runed door.
  1151 | D:2      | Noticed Crazy Yiuf
  1160 | D:2      | Killed Crazy Yiuf
  1160 | D:2      | Reached skill level 5 in Unarmed Combat
  1160 | D:2      | Reached XP level 4. HP: 26/44 MP: 3/3
  1579 | D:3      | Found a shadowy altar of Dithmenos.
  1647 | D:3      | Noticed a centaur
  1657 | D:3      | Slain by a centaur

Skill      XL: |  1  2  3 |
---------------+----------+-----
Unarmed Combat | 4 5 |  5.3
Fighting       | |  2.4
Dodging        | |  2.4
Stealth        | |  1.0

Action                   |  1- 3 |  4- 6 || total
-------------------------+-------+-------++-------
Melee: Unarmed           |    82 |    17 ||    99
       Punch             |     2 |       ||     2
 Stab: Distracted        |     1 |       ||     1
  Eat: Chunk             |     1 |     3 ||     4
       Bread ration      |     1 |     1 ||     2
       Fruit             |       |     1 ||     1
Armor: Robe              |    21 |    10 ||    31
Dodge: Dodged            |    34 |    13 ||    47
